 Dungeon Crawl Stone Soup version 0.29.0-4-gdea44cf6ec (webtiles) character file.

Game seed: 16738698765460862939

193511 qw the Peltast (level 18, -2/265 HPs)
             Began as a Minotaur Berserker on Sept 6, 2022.
             Was a High Priest of Trog.
             Slain by an anaconda (6 damage)
             ... on level 4 of the Snake Pit.
             The game lasted 00:14:12 (40948 turns).

qw the Peltast (Minotaur Berserker)                Turns: 40948, Time: 00:14:13

Health: -2/265     AC: 32    Str: 27    XL:     18   Next: 7%
Magic:  0/17       EV: 13    Int:  9    God:    Trog [*****.]
Gold:   964        SH: 20    Dex: 10    Spells: 17/17 levels left

rFire   + . .      SeeInvis +   v - +10 broad axe "Tugocis" {drain, Fly rC+}
rCold   + + .      Faith    .   z - +0 tower shield
rNeg    . . .      Spirit   +   F - +3 plate armour {rF+}
rPois   .          Reflect  .   (helmet unavailable)
rElec   .          Harm     .   l - +2 cloak
rCorr   .          Rampage  .   s - +2 pair of gloves
Will    +....      NoTele   +   E - +2 pair of boots "Ufud" {rC+ Str-3 Int+5 Stlth+}
Stlth   ..........              m - amulet of guardian spirit
HPRegen 0.54/turn               a - ring of see invisible
MPRegen 0.15/turn               q - +4 ring of evasion

@: berserking, lethally poisoned (-2 -> -33), weakened, untranslocatable,
flying, slowed
A: horns 3, retaliatory headbutt, sense surroundings 1
a: Renounce Religion, Berserk, Trog's Hand, Brothers in Arms


You were on level 4 of the Snake Pit.
You worshipped Trog.
Trog was extremely pleased with you.
You visited 5 branches of the dungeon, and saw 29 of its levels.

You collected 3200 gold pieces.
You spent 2236 gold pieces at shops.


Innate Abilities, Weirdness & Mutations

You have a pair of large horns on your head.
You reflexively headbutt those who attack you in melee.
You passively map a small area around you.


   Skills:
 + Level 19.6 Fighting
 - Level 18.0 Axes
 - Level 9.0 Throwing
 - Level 18.0 Armour
 - Level 8.0 Dodging
 - Level 20.3 Shields


You had 17 spell levels left.
You didn't know any spells.
Your spell library was empty.

Inventory:

Hand Weapons
 v - the +10 broad axe "Tugocis" (weapon) {drain, Fly rC+}
   (You acquired it on level 11 of the Dungeon)

   A truly terrible weapon, it drains the life of any living foe it strikes.
   rC:        It protects you from cold.
   Fly:       It grants you flight.
 D - a +5 hand axe of flaming
Missiles
 b - 18 boomerangs (quivered)
Armour
 l - a +2 cloak (worn)
 p - a +2 pair of boots
 s - a +2 pair of gloves (worn)
 z - a +0 tower shield (worn)
 E - the +2 pair of boots "Ufud" (worn) {rC+ Str-3 Int+5 Stlth+}
   (You bought it in a shop on level 2 of the Orcish Mines)

   Str:       It affects your strength (-3).
   Int:       It affects your intelligence (+5).
   rC:        It protects you from cold.
   Stlth:     It makes you more stealthy.
 F - a +3 plate armour of fire resistance (worn)
Jewellery
 a - a ring of see invisible (left hand)
 m - an amulet of guardian spirit (around neck)
 n - a ring of fire
 o - a ring of ice
 q - a +4 ring of evasion (right hand)
 B - a ring of fire
 C - a ring of willpower
Wands
 u - a wand of digging (10)
Scrolls
 e - 3 scrolls of teleportation
 h - 20 scrolls of identify
 y - a scroll of brand weapon
 A - 5 scrolls of enchant weapon
Potions
 f - 6 potions of heal wounds
 g - 2 potions of haste
 i - 3 potions of mutation
 j - 6 potions of might
 w - 2 potions of cancellation
 x - 10 potions of curing

Dungeon Overview and Level Annotations

Branches:
Dungeon (15/15)            Temple (0/1) D:6            Lair (5/5) D:11
  Swamp (3/4) Lair:3        Snake (4/4) Lair:3        Slime (0/5) Lair:5
    Orc (2/2) D:9             Elf (0/3) Orc:2        Vaults (0/5) D:13
 Depths (0/4) D:15

Altars:
Ashenzari
Cheibriados
Elyvilon
Fedhas
Gozag
Kikubaaqudgha
Nemelex Xobeh
Qazlal
Ru
Sif Muna
Trog
Uskayaw
Vehumet
Xom
The Shining One

Shops:
D:2 (   D:9 ([   D:14 (   Orc:1 *   Orc:2 =:[(*   Snake:1 (:=:

Annotations:
D:9 1 runed translucent door, qw's ghost, novice MiBe
D:10 2 transporters, qw's ghost, novice MiBe
Lair:5 1 runed translucent door
Swamp:1 3 runed translucent doors, Qemahefa's ghost, adept GrFi
Snake:3 3 runed translucent doors, qw's ghost, adept MiBe


Message History

You slash the naga warrior! You drain the naga warrior. You hit the nagaraja.
You miss the guardian serpent. You barely miss the naga warrior.
You slash the nagaraja!
You feel extremely sick.
The naga warrior roars a battlecry!
The naga warrior goes into a battle-frenzy!
The naga warrior spits poison at you. You block the splash of poison.
You block the guardian serpent's attack.
The nagaraja gestures at you while chanting.
The bolt of poison hits you!!
You are more poisoned.
The bolt of poison hits the guardian serpent!
The guardian serpent dies!
A nagaraja comes into view. It is wielding a +0 flail.
The naga warrior blocks your attack.
You headbutt the naga warrior.
The naga warrior is heavily wounded.
You slash the nagaraja! You drain the nagaraja.
You hit the naga warrior but do no damage.
You hit the nagaraja. You drain the nagaraja. You slash the naga mage!
You drain the naga mage.
You feel extremely sick. The naga mage spits poison at you.
You block the splash of poison.
The guardian serpent coils itself and waves its upper body at you.
The nagaraja blinks!
You block the nagaraja's attack. The nagaraja grabs you.
The nagaraja constricts you. The nagaraja hits you with a +0 spear!
The naga warrior barely misses you.
The naga warrior hits you with a +0 dire flail!
You slash the nagaraja! You drain the nagaraja. You headbutt the nagaraja.
You kill the nagaraja!
Trog accepts your kill.
Trog appreciates your killing of a magic user.
You slash the nagaraja! You barely miss the naga mage. You miss the anaconda.
You slice the naga warrior!! You closely miss the nagaraja.
You slice the naga warrior!! You drain the naga warrior!
You feel extremely sick. You block the naga mage's attack.
The naga mage closely misses you. You block the anaconda's attack.
The anaconda bites you!
You die...

* .....##.##..##
.......#.#..## *
####....#......# *
##..##......###.. , , ,
##....#...#[##.##. , ,
*##.....#####.##..## ,,
#.......##........# ,
*#NS)#...#....#..... 8
#N@N##..#..........
ยค.[..SNN###..#...#......
, ..}.....#
#..#...#[..... ,, ,
........# #..#..###.#...
8 8 ,8....#.## #..#..#
#..... , ,....###*
#..#..# #.##.. },, ....
#####.....###.##.. } ,
... ###...##....##.####.
, ,, , ,
,####....[.#....##..####


You could see 2 nagarajas, 2 naga warriors, an anaconda, a guardian serpent and
a naga mage (fast, strong, drained).

Vanquished Creatures
  Vashnia (Snake:3)
  2 fenstrider witches
  5 nagarajas
  2 orc warlords
  A ghoul (Swamp:3)
  5 eleionomae
  3 bunyips (Swamp:3)
  Fannar (D:10)
  3 boulder beetles
  2 salamander tyrants
  12 hydras
  3 ghost crabs
  A catoblepas (Lair:2)
  12 naga warriors
  3 centaur warriors
  5 two-headed ogres (D:13)
  10 anacondas
  4 death yaks (Lair:5)
  3 alligators
  6 tengu warriors
  2 orc high priests
  21 naga sharpshooters
  Amaemon (D:10)
  3 shock serpents
  A fire crab (shapeshifter) (D:15)
  A goliath frog (Swamp:2)
  2 skeletal warriors (D:13)
  A spriggan druid (Swamp:2)
  A death drake (Swamp:3)
  5 naga ritualists
  3 salamander mystics
  A swamp dragon (Swamp:3)
  5 bog bodies
  An oklob plant (D:11)
  2 lindwurms (Lair:5)
  5 deep elf zephyrmancers (D:12)
  28 ugly things
  4 deep elf pyromancers
  2 wolf spiders
  10 mana vipers
  2 manticores
  An orc sorcerer (D:15)
  A will-o-the-wisp (Swamp:2)
  16 salamanders
  5 cyclopes
  Joseph (D:7)
  7 elephants
  Maurice (D:12)
  14 naga magi
  47 black mambas
  2 gargoyles
  An orange demon (D:10)
  Maggie (D:10)
  11 guardian serpents
  6 torpor snails
  7 komodo dragons
  A kobold demonologist (D:12)
  10 cane toads
  2 unseen horrors (D:12)
  A yaktaur (D:15)
  2 rime drakes
  A tengu conjurer (D:15)
  A bloated husk (Swamp:1)
  A polar bear (Lair:2)
  9 tyrant leeches
  A polar bear (shapeshifter) (D:12)
  7 trolls
  A meliai (shapeshifter) (D:14)
  14 hornets
  38 blink frogs
  2 slime creatures (Lair:5)
  13 dream sheep (Lair:5)
  Sigmund (D:3)
  4 spriggans (Swamp:1)
  2 wraiths
  A vampire (D:11)
  9 wyverns
  63 yaks
  A shadow (D:10)
  2 basilisks
  3 redbacks (Lair:5)
  6 wargs (Orc:1)
  Menkaure (D:6)
  11 swamp worms
  39 nagas
  3 acid dragons
  39 water moccasins
  A black bear (shapeshifter) (D:15)
  An ice beast (D:6)
  4 swamp drakes
  38 orc warriors
  3 black bears
  8 ogres
  10 wolves
  11 centaurs
  4 phantoms
  Blork the orc (D:5)
  6 bullfrogs
  6 kobold brigands
  2 necrophages
  3 gnoll sergeants
  2 scorpions
  13 wights
  13 killer bees
  2 howler monkeys (D:10)
  2 electric eels
  30 orc priests
  3 hounds
  2 jellies (Lair:5)
  41 orc wizards
  8 iguanas
  10 gnolls
  6 adders
  5 shadow imps
  3 white imps
  2 ufetubi
  3 worms
  90 orcs
  9 endoplasms
  3 giant cockroaches
  13 goblins
  10 hobgoblins
  4 jackals (D:4)
  6 quokkas
  8 ball pythons
  8 bats
  4 frilled lizards
  21 kobolds
  3 rats
1017 creatures vanquished.

Vanquished Creatures (collateral kills)
  Mlioglotl (Snake:3)
  An ettin (D:15)
  An ogre mage (D:13)
  4 hydras
  A naga sharpshooter (Snake:3)
  Sonja (D:11)
  A skeletal warrior (D:13)
  A deep troll (D:15)
  A deep elf pyromancer (D:15)
  A necromancer (D:15)
  An oklob plant (D:11)
  3 elephants (Lair:5)
  An ugly thing (D:15)
  2 hornets
  A spriggan (Swamp:1)
  A wyvern (Lair:5)
  2 nagas
  3 water moccasins
27 creatures vanquished.

Vanquished Creatures (others)
  A bunyip (Swamp:3)
  A goliath frog (Swamp:2)
  A guardian serpent (Snake:4)
  6 bloated husks
  A sky beast (D:8)
  2 orc wizards (D:8)
  3 bushes (Lair:5)
  2 foxfires (Swamp:2)
  48 fungi
  124 plants
  4 withered plants (D:11)
193 creatures vanquished.

Grand Total: 1237 creatures vanquished

Notes
Turn   | Place    | Note
-------+----------+-------------------------------------------
     0 | D:1      | qw the Minotaur Berserker began the quest for the Orb.
     0 | D:1      | Reached XP level 1. HP: 19/19 MP: 0/0
     0 | D:1      | 0 ||| qw: Version: 0.1-a-108-g9e35731
     0 | D:1      | 0 ||| qw: Game counter: 6345
     0 | D:1      | 0 ||| qw: Always use a shield: true
     0 | D:1      | 0 ||| qw: Do Orc after D:15 true
     0 | D:1      | 0 ||| qw: Do second Lair branch before Depths: true
     0 | D:1      | 0 ||| qw: Lair rune preference: random
     0 | D:1      | 0 ||| qw: Plans: Normal
     0 | D:1      | 0 ||| PLANNING D:1-11
   276 | D:1      | Reached XP level 2. HP: 26/26 MP: 1/1
  1112 | D:1      | 1112 ||| UPGRADING to +0 scale mail.
  1122 | D:1      | 1122 ||| DROPPING +0 animal skin.
  1123 | D:1      | 1123 ||| READING scroll labelled JUCAYNUPH GAIC.
  1124 | D:1      | 1124 ||| READING scroll labelled ZOSUNY QOSI.
  1125 | D:1      | 1125 ||| READING scroll labelled ULESOI NOENU.
  1126 | D:1      | 1126 ||| READING scroll labelled NOIMATW GUFET.
  1178 | D:2      | 1178 ||| STAIRDANCE
  1293 | D:2      | Reached XP level 3. HP: 31/31 MP: 2/2
  1306 | D:2      | Reached ** piety under Trog
  1333 | D:2      | 1333 ||| DROPPING +0 club.
  1534 | D:2      | 1534 ||| Stepping ~*~*~tactically~*~*~ (stealth).
  1535 | D:2      | 1535 ||| Stepping ~*~*~tactically~*~*~ (stealth).
  1879 | D:2      | Found Leaschusu's Antique Weapon Emporium.
  1883 | D:2      | 1883 ||| SHOPLISTING glowing whip (132 gold, have 70).
  1901 | D:2      | 1901 ||| INVOKING Berserk.
  2026 | D:2      | Found a faded altar of an unknown god.
  2359 | D:2      | 2359 ||| READING scroll labelled IPHOGG SYBBU.
  2360 | D:2      | 2360 ||| READING scroll labelled FISITA INUDD.
  2361 | D:2      | 2361 ||| READING scroll labelled KUXTUSA YMAU.
  2362 | D:2      | 2362 ||| READING scroll labelled TAWORGH ELEDIYG.
  2363 | D:2      | 2363 ||| READING 2 scrolls of identify.
  2363 | D:2      | 2363 ||| IDENTIFYING emerald potion
  2364 | D:2      | 2364 ||| DROPPING potion of berserk rage.
  2378 | D:3      | 2378 ||| STAIRDANCE
  2398 | D:3      | 2398 ||| STAIRDANCE
  2417 | D:3      | 2417 ||| Stepping randomly (stuck).
  2417 | D:3      | Found a stormy altar of Qazlal.
  2428 | D:3      | Noticed an earth elemental
  2437 | D:3      | Noticed a fire elemental
  2440 | D:3      | Noticed a water elemental
  2441 | D:3      | Noticed an air elemental
  2484 | D:3      | Noticed Sigmund
  2487 | D:3      | 2487 ||| INVOKING Berserk.
  2491 | D:3      | Killed Sigmund
  2492 | D:3      | Reached XP level 4. HP: 39/39 MP: 3/3
  2492 | D:3      | Reached XP level 5. HP: 45/45 MP: 4/4
  2574 | D:3      | 2574 ||| Stepping ~*~*~tactically~*~*~ (hiding).
  3069 | D:3      | 3069 ||| Stepping ~*~*~tactically~*~*~ (stealth).
  3073 | D:3      | 3073 ||| Stepping ~*~*~tactically~*~*~ (stealth).
  3082 | D:3      | 3082 ||| Stepping ~*~*~tactically~*~*~ (stealth).
  3122 | D:3      | 3122 ||| FLEEEEING.
  3123 | D:3      | 3123 ||| FLEEEEING.
  3164 | D:3      | 3164 ||| FLEEEEING.
  3229 | D:3      | 3229 ||| FLEEEEING.
  3230 | D:3      | 3230 ||| FLEEEEING.
  3231 | D:3      | 3231 ||| FLEEEEING.
  3232 | D:3      | 3232 ||| FLEEEEING.
  3233 | D:3      | 3233 ||| FLEEEEING.
  3569 | D:3      | 3569 ||| FLEEEEING.
  3570 | D:3      | 3570 ||| FLEEEEING.
  3571 | D:3      | 3571 ||| FLEEEEING.
  3572 | D:3      | 3572 ||| FLEEEEING.
  3573 | D:3      | 3573 ||| FLEEEEING.
  3655 | D:3      | 3655 ||| READING scroll labelled ESTRURGH TIOVO.
  3659 | D:3      | 3659 ||| READING scroll labelled ERIULL HOHAR.
  3660 | D:3      | 3660 ||| DRINKING 3 lumpy amethyst potions.
  3661 | D:3      | 3661 ||| READING 2 scrolls of identify.
  3661 | D:3      | 3661 ||| IDENTIFYING brown potion
  3662 | D:3      | 3662 ||| DROPPING potion of invisibility.
  3736 | D:4      | Reached XP level 6. HP: 48/52 MP: 5/5
  3819 | D:4      | 3819 ||| FLEEEEING.
  3820 | D:4      | 3820 ||| FLEEEEING.
  3821 | D:4      | 3821 ||| FLEEEEING.
  3822 | D:4      | 3822 ||| FLEEEEING.
  3829 | D:4      | 3829 ||| DRINKING 2 potions of curing.
  3829 | D:4      | 3829 ||| (to cure confusion)
  3844 | D:4      | 3844 ||| DRINKING potion of curing.
  3844 | D:4      | 3844 ||| (to cure confusion)
  3859 | D:4      | Reached skill level 1 in Throwing
  3969 | D:4      | 3969 ||| INVOKING Berserk.
  4114 | D:4      | You fall into a shaft and drop 2 floors!
  4126 | D:6      | Noticed a water moccasin
  4134 | D:6      | 4134 ||| INVOKING Berserk.
  4135 | D:6      | Killed a water moccasin
  4140 | D:6      | HP: 13/52 [poisoned by a water moccasin]
  4407 | D:6      | 4407 ||| DRINKING 3 dark potions.
  4407 | D:6      | Gained mutation: You occasionally lose the ability to read
                  | scrolls when taking damage. [potion of mutation]
  4407 | D:6      | Gained mutation: Your muscles are strong. (Str +4, Int/Dex
                  | -1) [potion of mutation]
  4408 | D:6      | 4408 ||| DRINKING 2 potions of mutation.
  4408 | D:6      | Lost mutation: Your muscles are strong. (Str +4, Int/Dex
                  | -1) [potion of mutation]
  4408 | D:6      | Lost mutation: You occasionally lose the ability to read
                  | scrolls when taking damage. [potion of mutation]
  4408 | D:6      | Gained mutation: You have a pair of large horns on your
                  | head. [potion of mutation]
  4408 | D:6      | Gained mutation: You passively map a small area around you.
                  | [potion of mutation]
  4417 | D:5      | Entered Level 5 of the Dungeon
  4436 | D:5      | 4436 ||| Stepping ~*~*~tactically~*~*~ (hiding).
  4439 | D:5      | 4439 ||| Stepping ~*~*~tactically~*~*~ (hiding).
  4440 | D:5      | 4440 ||| Stepping ~*~*~tactically~*~*~ (hiding).
  4459 | D:5      | 4459 ||| Stepping ~*~*~tactically~*~*~ (hiding).
  4765 | D:5      | 4765 ||| Stepping ~*~*~tactically~*~*~ (hiding).
  4769 | D:5      | 4769 ||| Stepping ~*~*~tactically~*~*~ (hiding).
  4771 | D:5      | 4771 ||| Stepping ~*~*~tactically~*~*~ (stealth).
  4775 | D:5      | 4775 ||| INVOKING Berserk.
  4779 | D:5      | Reached skill level 9 in Axes
  4784 | D:5      | Reached XP level 7. HP: 27/59 MP: 6/6
  4784 | D:5      | HP: 18/88 [centaur/+0 quarterstaff (9)]
  5059 | D:5      | 5059 ||| READING scroll labelled HOGUYPP OSUPSE.
  5202 | D:5      | 5202 ||| DRINKING 2 fizzy purple potions.
  5364 | D:4      | Reached *** piety under Trog
  5447 | D:4      | Reached skill level 6 in Fighting
  5615 | D:4      | Found a sacrificial altar of Ru.
  5617 | D:4      | 5617 ||| Stepping ~*~*~tactically~*~*~ (stealth).
  5705 | D:4      | Reached XP level 8. HP: 70/70 MP: 7/7
  6015 | D:4      | 6015 ||| READING 2 scrolls of identify.
  6015 | D:4      | 6015 ||| IDENTIFYING murky black potion
  6016 | D:4      | 6016 ||| DROPPING potion of degeneration.
  6043 | D:5      | 6043 ||| Stepping ~*~*~tactically~*~*~ (stealth).
  6082 | D:5      | Noticed Blork the orc
  6084 | D:5      | 6084 ||| INVOKING Berserk.
  6089 | D:5      | Killed Blork the orc
  6268 | D:5      | 6268 ||| SWAPPING to +0 war axe.
  6269 | D:5      | 6269 ||| DROPPING +0 hand axe of venom.
  6275 | D:5      | 6275 ||| Stepping ~*~*~tactically~*~*~ (hiding).
  6303 | D:5      | 6303 ||| Stepping ~*~*~tactically~*~*~ (stealth).
  6305 | D:5      | 6305 ||| Stepping ~*~*~tactically~*~*~ (hiding).
  6473 | D:5      | Found a glowing golden altar of the Shining One.
  6506 | D:5      | 6506 ||| INVOKING Berserk.
  6735 | D:5      | 6735 ||| DROPPING orb of wrath.
  6736 | D:5      | 6736 ||| READING scroll labelled SASOJA JYVUV.
  6737 | D:5      | 6737 ||| READING 3 scrolls labelled QOLERO CUDANUCK.
  6738 | D:5      | 6738 ||| DROPPING 2 scrolls of butterflies.
  6743 | D:6      | Noticed Menkaure
  6747 | D:6      | 6747 ||| INVOKING Berserk.
  6749 | D:6      | Killed Menkaure
  6750 | D:6      | Reached skill level 12 in Axes
  6888 | D:6      | 6888 ||| Stepping ~*~*~tactically~*~*~ (hiding).
  6889 | D:6      | 6889 ||| Stepping ~*~*~tactically~*~*~ (hiding).
  6891 | D:6      | 6891 ||| Stepping ~*~*~tactically~*~*~ (hiding).
  6899 | D:6      | 6899 ||| INVOKING Berserk.
  6902 | D:6      | HP: 24/109 [gnoll sergeant/+0 spear (11)]
  6904 | D:6      | Reached skill level 3 in Armour
  7158 | D:6      | 7158 ||| DROPPING +0 whip.
  7160 | D:6      | Found a staircase to the Ecumenical Temple.
  7291 | D:6      | 7291 ||| INVOKING Berserk.
  7293 | D:6      | Reached XP level 9. HP: 79/79 MP: 8/8
  7603 | D:6      | 7603 ||| UPGRADING to +0 chain mail.
  7613 | D:6      | 7613 ||| DROPPING +0 scale mail.
  7614 | D:6      | 7614 ||| READING 2 scrolls of identify.
  7614 | D:6      | 7614 ||| IDENTIFYING grey potion
  7681 | D:7      | Noticed Joseph
  7689 | D:7      | 7689 ||| INVOKING Berserk.
  7693 | D:7      | Killed Joseph
  7776 | D:7      | 7776 ||| Stepping ~*~*~tactically~*~*~ (stealth).
  7788 | D:7      | 7788 ||| Stepping ~*~*~tactically~*~*~ (stealth).
  7793 | D:7      | Reached skill level 3 in Throwing
  7796 | D:7      | 7796 ||| Stepping ~*~*~tactically~*~*~ (stealth).
  7798 | D:7      | 7798 ||| FLEEEEING.
  7800 | D:7      | 7800 ||| FLEEEEING.
  7801 | D:7      | 7801 ||| FLEEEEING.
  7802 | D:7      | 7802 ||| FLEEEEING.
  7803 | D:7      | 7803 ||| FLEEEEING.
  7804 | D:7      | 7804 ||| FLEEEEING.
  7805 | D:7      | 7805 ||| FLEEEEING.
  7806 | D:7      | 7806 ||| FLEEEEING.
  7807 | D:7      | 7807 ||| FLEEEEING.
  7808 | D:7      | 7808 ||| FLEEEEING.
  7809 | D:7      | 7809 ||| STAIRDANCE
  7977 | D:7      | 7977 ||| STAIRDANCE
  8029 | D:7      | 8029 ||| Stepping ~*~*~tactically~*~*~ (hiding).
  8032 | D:7      | 8032 ||| Stepping ~*~*~tactically~*~*~ (hiding).
  8091 | D:7      | Found a hide-covered altar of Uskayaw.
  8142 | D:7      | Found a snail-covered altar of Cheibriados.
  8364 | D:7      | 8364 ||| Stepping ~*~*~tactically~*~*~ (stealth).
  8367 | D:7      | 8367 ||| Stepping ~*~*~tactically~*~*~ (stealth).
  8369 | D:7      | 8369 ||| Stepping ~*~*~tactically~*~*~ (stealth).
  8408 | D:7      | 8408 ||| Stepping ~*~*~tactically~*~*~ (stealth).
  8589 | D:7      | Found an opulent altar of Gozag.
  8620 | D:7      | 8620 ||| INVOKING Berserk.
  8772 | D:7      | 8772 ||| SWAPPING to +4 war axe.
  8773 | D:7      | 8773 ||| DROPPING +0 war axe.
  8784 | D:7      | 8784 ||| READING 2 scrolls of identify.
  8784 | D:7      | 8784 ||| IDENTIFYING black potion
  8796 | D:8      | 8796 ||| DRINKING potion of curing.
  8796 | D:8      | 8796 ||| (to cure confusion)
  8814 | D:8      | Reached skill level 3 in Dodging
  9021 | D:8      | Reached **** piety under Trog
  9031 | D:8      | Found a flagged portal.
  9070 | D:8      | 9070 ||| INVOKING Berserk.
  9219 | D:8      | Reached XP level 10. HP: 88/88 MP: 9/9
  9306 | D:8      | 9306 ||| Stepping ~*~*~tactically~*~*~ (hiding).
  9307 | D:8      | 9307 ||| Stepping ~*~*~tactically~*~*~ (hiding).
  9452 | D:8      | 9452 ||| FLEEEEING.
  9453 | D:8      | 9453 ||| FLEEEEING.
  9454 | D:8      | 9454 ||| FLEEEEING.
  9455 | D:8      | 9455 ||| FLEEEEING.
  9456 | D:8      | 9456 ||| FLEEEEING.
  9457 | D:8      | 9457 ||| FLEEEEING.
  9458 | D:8      | 9458 ||| FLEEEEING.
  9459 | D:8      | 9459 ||| FLEEEEING.
  9460 | D:8      | 9460 ||| FLEEEEING.
  9461 | D:8      | 9461 ||| FLEEEEING.
  9462 | D:8      | 9462 ||| FLEEEEING.
  9463 | D:8      | 9463 ||| FLEEEEING.
  9465 | D:8      | 9465 ||| FLEEEEING.
  9466 | D:8      | 9466 ||| FLEEEEING.
  9469 | D:8      | 9469 ||| FLEEEEING.
  9470 | D:8      | 9470 ||| FLEEEEING.
  9471 | D:8      | 9471 ||| FLEEEEING.
  9472 | D:8      | 9472 ||| FLEEEEING.
  9473 | D:8      | 9473 ||| FLEEEEING.
  9474 | D:8      | 9474 ||| FLEEEEING.
  9475 | D:8      | 9475 ||| FLEEEEING.
  9487 | D:8      | Reached skill level 15 in Axes
  9645 | D:8      | Found a shimmering blue altar of Sif Muna.
  9691 | D:8      | 9691 ||| Stepping ~*~*~tactically~*~*~ (cloud).
  9793 | D:8      | 9793 ||| Invisible monster not found???
  9999 | D:8      | Found a broken altar of Ashenzari.
 10007 | D:8      | 10007 ||| Stepping ~*~*~tactically~*~*~ (hiding).
 10015 | D:8      | 10015 ||| Stepping ~*~*~tactically~*~*~ (hiding).
 10149 | D:8      | 10149 ||| UPGRADING to +0 plate armour.
 10159 | D:8      | 10159 ||| DROPPING +0 chain mail.
 10160 | D:8      | 10160 ||| UPGRADING to +0 pair of gloves.
 10165 | D:8      | 10165 ||| READING 2 scrolls of enchant armour.
 10165 | D:8      | 10165 ||| ENCHANTING +0 pair of gloves.
 10166 | D:8      | 10166 ||| READING scroll of enchant armour.
 10166 | D:8      | 10166 ||| ENCHANTING +1 pair of gloves.
 10167 | D:8      | 10167 ||| READING scroll labelled AQAKITIGAXT.
 10168 | D:8      | 10168 ||| DRINKING 2 sedimented inky potions.
 10269 | D:8      | 10269 ||| DRINKING 2 clear potions.
 10284 | D:8      | 10284 ||| DROPPING potion of ambrosia.
 10285 | D:8      | 10285 ||| DROPPING potion of lignification.
 10324 | D:9      | Found a runed translucent door.
 10328 | D:9      | 10328 ||| Stepping ~*~*~tactically~*~*~ (hiding).
 10339 | D:9      | Noticed qw's ghost (novice MiBe)
 10342 | D:9      | 10342 ||| Stepping ~*~*~tactically~*~*~ (stealth).
 10344 | D:9      | 10344 ||| INVOKING Berserk.
 10393 | D:9      | 10393 ||| Stepping ~*~*~tactically~*~*~ (stealth).
 10399 | D:9      | 10399 ||| Stepping ~*~*~tactically~*~*~ (stealth).
 10401 | D:9      | 10401 ||| Stepping ~*~*~tactically~*~*~ (stealth).
 10408 | D:9      | Reached skill level 6 in Armour
 10525 | D:9      | 10525 ||| INVOKING Berserk.
 10645 | D:9      | Found Yxzeonuse's Armour Shoppe.
 10645 | D:9      | Found a staircase to the Orcish Mines.
 10646 | D:9      | Found Hanei's Weapon Shoppe.
 10702 | D:9      | 10702 ||| Stepping ~*~*~tactically~*~*~ (stealth).
 10704 | D:9      | 10704 ||| Stepping ~*~*~tactically~*~*~ (hiding).
 10706 | D:9      | 10706 ||| Stepping ~*~*~tactically~*~*~ (hiding).
 10708 | D:9      | 10708 ||| Stepping ~*~*~tactically~*~*~ (hiding).
 10709 | D:9      | 10709 ||| Stepping ~*~*~tactically~*~*~ (stealth).
 10709 | D:9      | Found a sparkling altar of Nemelex Xobeh.
 10710 | D:9      | 10710 ||| Stepping ~*~*~tactically~*~*~ (hiding).
 10711 | D:9      | 10711 ||| INVOKING Berserk.
 10865 | D:9      | Reached skill level 9 in Fighting
 10916 | D:9      | 10916 ||| Stepping ~*~*~tactically~*~*~ (stealth).
 10931 | D:9      | 10931 ||| Stepping ~*~*~tactically~*~*~ (stealth).
 10934 | D:9      | 10934 ||| Stepping ~*~*~tactically~*~*~ (stealth).
 10943 | D:9      | Reached ***** piety under Trog
 11112 | D:9      | Found a radiant altar of Vehumet.
 11380 | D:9      | Found a bloodstained altar of Trog.
 11506 | D:9      | 11506 ||| DROPPING orb of energy.
 11507 | D:9      | 11507 ||| UPGRADING to +0 cloak.
 11512 | D:9      | 11512 ||| UPGRADING to +0 pair of boots.
 11517 | D:9      | 11517 ||| READING 2 scrolls labelled BEUBLO OGHOMOEVUAG.
 11518 | D:9      | 11518 ||| READING scroll of enchant weapon.
 11518 | D:9      | 11518 ||| ENCHANTING +5 war axe.
 11533 | D:10     | Entered Level 10 of the Dungeon
 11649 | D:10     | Noticed a two-headed ogre
 11665 | D:10     | Noticed Maggie
 11674 | D:10     | Killed Maggie
 11812 | D:10     | Noticed a tengu warrior
 11820 | D:10     | Found a transporter.
 11820 | D:10     | Noticed a two-headed ogre
 11824 | D:10     | Noticed a moth of wrath
 11825 | D:10     | Found a bloodstained altar of Trog.
 11827 | D:10     | Noticed qw's ghost (novice MiBe)
 11835 | D:10     | Found a transporter.
 11865 | D:10     | 11865 ||| Stepping ~*~*~tactically~*~*~ (hiding).
 11874 | D:10     | Noticed an orange demon
 11875 | D:10     | Noticed Amaemon
 11877 | D:10     | 11877 ||| INVOKING Berserk.
 11880 | D:10     | Killed an orange demon
 11886 | D:10     | Killed Amaemon
 12046 | D:10     | 12046 ||| DROPPING +0 flail.
 12077 | D:10     | Found a shimmering altar of Xom.
 12078 | D:10     | Found a shimmering altar of Xom.
 12080 | D:10     | Found a shimmering altar of Xom.
 12081 | D:10     | Found a shimmering altar of Xom.
 12082 | D:10     | Found a shimmering altar of Xom.
 12082 | D:10     | Found a shimmering altar of Xom.
 12083 | D:10     | Found a shimmering altar of Xom.
 12094 | D:10     | Noticed Fannar
 12095 | D:10     | 12095 ||| Stepping ~*~*~tactically~*~*~ (hiding).
 12184 | D:10     | 12184 ||| Stepping ~*~*~tactically~*~*~ (stealth).
 12332 | D:10     | Reached XP level 11. HP: 96/97 MP: 10/10
 12368 | D:10     | Found a blossoming altar of Fedhas.
 12400 | D:10     | Reached skill level 9 in Armour
 12527 | D:10     | Killed Fannar
 12790 | D:10     | Found a white marble altar of Elyvilon.
 12791 | D:10     | 12791 ||| UPGRADING to +2 kite shield of positive energy.
 12796 | D:10     | 12796 ||| UPGRADING to ring of see invisible.
 12797 | D:10     | 12797 ||| UPGRADING to +6 ring of intelligence.
 12818 | D:11     | 12818 ||| INVOKING Berserk.
 12822 | D:11     | Reached skill level 1 in Shields
 12825 | D:11     | Reached skill level 2 in Shields
 12948 | D:11     | Found a staircase to the Lair.
 12948 | D:11     | Noticed an oklob plant
 12949 | D:11     | 12949 ||| INVOKING Brothers in Arms.
 12950 | D:11     | Noticed an oklob plant
 12959 | D:11     | 12959 ||| INVOKING Berserk.
 12962 | D:11     | Killed an oklob plant
 12963 | D:11     | Reached skill level 3 in Shields
 12970 | D:11     | Killed an oklob plant
 12971 | D:11     | Reached skill level 4 in Shields
 13126 | D:11     | 13126 ||| INVOKING Berserk.
 13134 | D:11     | Reached skill level 5 in Shields
 13139 | D:11     | Reached skill level 6 in Shields
 13312 | D:11     | Noticed a four-headed hydra
 13313 | D:11     | 13313 ||| INVOKING Brothers in Arms.
 13315 | D:11     | 13315 ||| SWAPPING to -2 demon whip of venom.
 13316 | D:11     | 13316 ||| INVOKING Berserk.
 13317 | D:11     | Killed a four-headed hydra
 13322 | D:11     | 13322 ||| SWAPPING to +6 war axe.
 13564 | D:11     | Found an ancient bone altar of Kikubaaqudgha.
 13582 | D:11     | Reached skill level 7 in Shields
 13705 | D:11     | 13705 ||| Stepping ~*~*~tactically~*~*~ (hiding).
 13884 | D:11     | Noticed a six-headed hydra
 13887 | D:11     | 13887 ||| SWAPPING to -2 demon whip of venom.
 13888 | D:11     | 13888 ||| INVOKING Berserk.
 13891 | D:11     | Killed a six-headed hydra
 13892 | D:11     | Reached skill level 8 in Shields
 13953 | D:11     | 13953 ||| SWAPPING to +6 war axe.
 14001 | D:11     | 14001 ||| PLANNING LAIR
 14001 | D:11     | 14001 ||| READING scroll labelled QUMOPL GUACLEU.
 14001 | D:11     | Identified a scroll of acquirement
 14001 | D:11     | 14001 ||| ACQUIRING +10 broad axe "Tugocis" {drain, Fly
                  | rC+}
 14001 | D:11     | Acquired the +10 broad axe "Tugocis" {drain, Fly rC+}
 14003 | D:11     | 14003 ||| SWAPPING to +10 broad axe "Tugocis" {drain, Fly
                  | rC+}.
 14004 | D:11     | 14004 ||| DROPPING +6 war axe.
 14017 | Lair:1   | Entered Level 1 of the Lair of Beasts
 14022 | Lair:1   | 14022 ||| INVOKING Berserk.
 14219 | Lair:1   | 14219 ||| READING scroll of enchant armour.
 14219 | Lair:1   | 14219 ||| ENCHANTING +0 pair of boots.
 14336 | Lair:1   | 14336 ||| INVOKING Berserk.
 14339 | Lair:1   | Reached skill level 9 in Shields
 14399 | Lair:1   | 14399 ||| INVOKING Berserk.
 14530 | Lair:1   | 14530 ||| INVOKING Berserk.
 14536 | Lair:1   | Reached skill level 10 in Shields
 14750 | Lair:1   | 14750 ||| INVOKING Berserk.
 15203 | Lair:1   | 15203 ||| READING 9 scrolls of identify.
 15203 | Lair:1   | 15203 ||| IDENTIFYING yellow potion
 15280 | Lair:2   | 15280 ||| INVOKING Berserk.
 15427 | Lair:2   | 15427 ||| INVOKING Berserk.
 15430 | Lair:2   | Reached XP level 12. HP: 106/106 MP: 11/11
 15801 | Lair:2   | 15801 ||| INVOKING Berserk.
 16055 | Lair:2   | 16055 ||| INVOKING Berserk.
 16330 | Lair:2   | Noticed a catoblepas
 16333 | Lair:2   | 16333 ||| INVOKING Berserk.
 16340 | Lair:2   | Killed a catoblepas
 16341 | Lair:2   | Reached skill level 11 in Shields
 16344 | Lair:2   | 16344 ||| Stepping ~*~*~tactically~*~*~ (cloud).
 16515 | Lair:2   | 16515 ||| READING 9 scrolls of identify.
 16515 | Lair:2   | 16515 ||| IDENTIFYING amethyst potion
 16516 | Lair:2   | 16516 ||| DROPPING potion of brilliance.
 16581 | Lair:3   | Noticed a boulder beetle
 16583 | Lair:3   | 16583 ||| Stepping ~*~*~tactically~*~*~ (stealth).
 16584 | Lair:3   | 16584 ||| Stepping ~*~*~tactically~*~*~ (stealth).
 16586 | Lair:3   | 16586 ||| Stepping ~*~*~tactically~*~*~ (stealth).
 16587 | Lair:3   | 16587 ||| INVOKING Berserk.
 16593 | Lair:3   | Killed a boulder beetle
 16710 | Lair:3   | 16710 ||| INVOKING Berserk.
 16958 | Lair:3   | 16958 ||| Stepping ~*~*~tactically~*~*~ (stealth).
 16974 | Lair:3   | 16974 ||| Stepping ~*~*~tactically~*~*~ (stealth).
 16975 | Lair:3   | 16975 ||| Stepping ~*~*~tactically~*~*~ (stealth).
 16982 | Lair:3   | 16982 ||| Stepping ~*~*~tactically~*~*~ (stealth).
 17007 | Lair:3   | 17007 ||| Stepping ~*~*~tactically~*~*~ (stealth).
 17010 | Lair:3   | Found a staircase to the Snake Pit.
 17018 | Lair:3   | 17018 ||| Stepping ~*~*~tactically~*~*~ (stealth).
 17026 | Lair:3   | Reached skill level 18 in Axes
 17063 | Lair:3   | 17063 ||| Stepping ~*~*~tactically~*~*~ (stealth).
 17065 | Lair:3   | Noticed a six-headed hydra
 17066 | Lair:3   | 17066 ||| INVOKING Brothers in Arms.
 17067 | Lair:3   | 17067 ||| SWAPPING to -2 demon whip of venom.
 17068 | Lair:3   | 17068 ||| INVOKING Berserk.
 17073 | Lair:3   | Killed a six-headed hydra
 17081 | Lair:3   | 17081 ||| SWAPPING to +10 broad axe "Tugocis" {drain, Fly
                  | rC+}.
 17091 | Lair:3   | Noticed a four-headed hydra
 17092 | Lair:3   | 17092 ||| SWAPPING to -2 demon whip of venom.
 17093 | Lair:3   | HP: 25/106 [four-headed hydra (9)]
 17093 | Lair:3   | Killed a four-headed hydra
 17094 | Lair:3   | 17094 ||| SWAPPING to +10 broad axe "Tugocis" {drain, Fly
                  | rC+}.
 17502 | Lair:3   | Noticed a seven-headed hydra
 17503 | Lair:3   | 17503 ||| Stepping ~*~*~tactically~*~*~ (stealth).
 17507 | Lair:3   | 17507 ||| Stepping ~*~*~tactically~*~*~ (stealth).
 17510 | Lair:3   | 17510 ||| Stepping ~*~*~tactically~*~*~ (stealth).
 17511 | Lair:3   | 17511 ||| Stepping ~*~*~tactically~*~*~ (stealth).
 17515 | Lair:3   | 17515 ||| INVOKING Brothers in Arms.
 17516 | Lair:3   | 17516 ||| INVOKING Brothers in Arms.
 17517 | Lair:3   | 17517 ||| INVOKING Brothers in Arms.
 17518 | Lair:3   | 17518 ||| INVOKING Brothers in Arms.
 17519 | Lair:3   | 17519 ||| INVOKING Brothers in Arms.
 17520 | Lair:3   | 17520 ||| INVOKING Brothers in Arms.
 17521 | Lair:3   | 17521 ||| INVOKING Brothers in Arms.
 17522 | Lair:3   | 17522 ||| INVOKING Brothers in Arms.
 17523 | Lair:3   | 17523 ||| SWAPPING to -2 demon whip of venom.
 17523 | Lair:3   | HP: 26/107 [seven-headed hydra (1)]
 17523 | Lair:3   | HP: 9/107 [seven-headed hydra (10)]
 17524 | Lair:3   | 17524 ||| READING 5 scrolls of teleportation.
 17524 | Lair:3   | HP: 3/107 [seven-headed hydra (5)]
 17525 | Lair:3   | 17525 ||| DRINKING 3 potions of heal wounds.
 17526 | Lair:3   | 17526 ||| DRINKING 2 potions of heal wounds.
 17527 | Lair:3   | 17527 ||| INVOKING Berserk.
 17772 | Lair:3   | 17772 ||| SWAPPING to +10 broad axe "Tugocis" {drain, Fly
                  | rC+}.
 17902 | Lair:3   | 17902 ||| Stepping ~*~*~tactically~*~*~ (stealth).
 17903 | Lair:3   | 17903 ||| Stepping ~*~*~tactically~*~*~ (stealth).
 17904 | Lair:3   | 17904 ||| Stepping ~*~*~tactically~*~*~ (stealth).
 17905 | Lair:3   | 17905 ||| Stepping ~*~*~tactically~*~*~ (stealth).
 17906 | Lair:3   | 17906 ||| Stepping ~*~*~tactically~*~*~ (stealth).
 17909 | Lair:3   | 17909 ||| SWAPPING to -2 demon whip of venom.
 17910 | Lair:3   | 17910 ||| INVOKING Berserk.
 17915 | Lair:3   | Killed a seven-headed hydra
 17931 | Lair:3   | 17931 ||| SWAPPING to +10 broad axe "Tugocis" {drain, Fly
                  | rC+}.
 17958 | Lair:3   | 17958 ||| Stepping ~*~*~tactically~*~*~ (stealth).
 18067 | Lair:3   | Found a staircase to the Swamp.
 18096 | Lair:3   | 18096 ||| READING 10 scrolls of identify.
 18096 | Lair:3   | 18096 ||| IDENTIFYING green potion
 18097 | Lair:3   | 18097 ||| DROPPING potion of attraction.
 18157 | Lair:4   | 18157 ||| STAIRDANCE
 18164 | Lair:4   | 18164 ||| STAIRDANCE
 18396 | Lair:4   | 18396 ||| STAIRDANCE
 18402 | Lair:3   | Reached skill level 12 in Shields
 18402 | Lair:3   | Reached XP level 13. HP: 86/116 MP: 12/12
 18505 | Lair:4   | 18505 ||| STAIRDANCE
 18556 | Lair:4   | 18556 ||| STAIRDANCE
 18581 | Lair:4   | 18581 ||| INVOKING Berserk.
 18584 | Lair:4   | 18584 ||| STAIRDANCE
 18726 | Lair:4   | 18726 ||| Stepping ~*~*~tactically~*~*~ (stealth).
 18766 | Lair:4   | 18766 ||| Stepping ~*~*~tactically~*~*~ (stealth).
 18770 | Lair:4   | 18770 ||| Stepping ~*~*~tactically~*~*~ (stealth).
 18791 | Lair:4   | 18791 ||| Stepping ~*~*~tactically~*~*~ (stealth).
 18793 | Lair:4   | 18793 ||| INVOKING Brothers in Arms.
 18796 | Lair:4   | 18796 ||| INVOKING Brothers in Arms.
 18797 | Lair:4   | 18797 ||| INVOKING Brothers in Arms.
 18798 | Lair:4   | 18798 ||| SWAPPING to -2 demon whip of venom.
 18799 | Lair:4   | 18799 ||| INVOKING Berserk.
 18812 | Lair:4   | 18812 ||| SWAPPING to +10 broad axe "Tugocis" {drain, Fly
                  | rC+}.
 18848 | Lair:4   | 18848 ||| Stepping ~*~*~tactically~*~*~ (stealth).
 18856 | Lair:4   | 18856 ||| Stepping ~*~*~tactically~*~*~ (stealth).
 18857 | Lair:4   | 18857 ||| INVOKING Brothers in Arms.
 18858 | Lair:4   | 18858 ||| INVOKING Brothers in Arms.
 18859 | Lair:4   | 18859 ||| INVOKING Brothers in Arms.
 18860 | Lair:4   | 18860 ||| SWAPPING to -2 demon whip of venom.
 18861 | Lair:4   | 18861 ||| INVOKING Berserk.
 18864 | Lair:4   | Reached skill level 12 in Fighting
 18939 | Lair:4   | 18939 ||| SWAPPING to +10 broad axe "Tugocis" {drain, Fly
                  | rC+}.
 19034 | Lair:4   | 19034 ||| FLEEEEING.
 19035 | Lair:4   | 19035 ||| FLEEEEING.
 19036 | Lair:4   | 19036 ||| FLEEEEING.
 19037 | Lair:4   | 19037 ||| FLEEEEING.
 19038 | Lair:4   | 19038 ||| FLEEEEING.
 19039 | Lair:4   | 19039 ||| FLEEEEING.
 19040 | Lair:4   | 19040 ||| FLEEEEING.
 19041 | Lair:4   | 19041 ||| FLEEEEING.
 19042 | Lair:4   | 19042 ||| FLEEEEING.
 19043 | Lair:4   | 19043 ||| FLEEEEING.
 19044 | Lair:4   | 19044 ||| FLEEEEING.
 19045 | Lair:4   | 19045 ||| FLEEEEING.
 19046 | Lair:4   | 19046 ||| FLEEEEING.
 19047 | Lair:4   | 19047 ||| FLEEEEING.
 19048 | Lair:4   | 19048 ||| FLEEEEING.
 19049 | Lair:4   | 19049 ||| FLEEEEING.
 19050 | Lair:4   | 19050 ||| FLEEEEING.
 19051 | Lair:4   | 19051 ||| FLEEEEING.
 19052 | Lair:4   | 19052 ||| FLEEEEING.
 19053 | Lair:4   | 19053 ||| FLEEEEING.
 19054 | Lair:4   | 19054 ||| FLEEEEING.
 19055 | Lair:4   | 19055 ||| FLEEEEING.
 19056 | Lair:4   | 19056 ||| FLEEEEING.
 19057 | Lair:4   | 19057 ||| STAIRDANCE
 19106 | Lair:4   | 19106 ||| INVOKING Berserk.
 19110 | Lair:4   | 19110 ||| STAIRDANCE
 19269 | Lair:4   | 19269 ||| Stepping ~*~*~tactically~*~*~ (stealth).
 19289 | Lair:4   | 19289 ||| Stepping ~*~*~tactically~*~*~ (hiding).
 19902 | Lair:4   | 19902 ||| UPGRADING to +0 tower shield.
 19912 | Lair:4   | 19912 ||| DROPPING +2 kite shield of positive energy.
 19953 | Lair:4   | 19953 ||| STAIRDANCE
 19957 | Lair:4   | 19957 ||| STAIRDANCE
 19961 | Lair:3   | Reached skill level 13 in Shields
 19964 | Lair:4   | 19964 ||| STAIRDANCE
 19970 | Lair:4   | 19970 ||| STAIRDANCE
 19977 | Lair:4   | 19977 ||| INVOKING Berserk.
 20009 | Lair:4   | 20009 ||| STAIRDANCE
 20151 | Lair:5   | Entered Level 5 of the Lair of Beasts
 20205 | Lair:5   | 20205 ||| Stepping ~*~*~tactically~*~*~ (stealth).
 20208 | Lair:5   | 20208 ||| INVOKING Berserk.
 20218 | Lair:5   | Reached skill level 14 in Shields
 20229 | Lair:5   | 20229 ||| FLEEEEING.
 20230 | Lair:5   | 20230 ||| FLEEEEING.
 20231 | Lair:5   | 20231 ||| STAIRDANCE
 20349 | Lair:5   | 20349 ||| INVOKING Berserk.
 20363 | Lair:5   | 20363 ||| STAIRDANCE
 20482 | Lair:5   | 20482 ||| INVOKING Brothers in Arms.
 20484 | Lair:5   | 20484 ||| SWAPPING to -2 demon whip of venom.
 20485 | Lair:5   | 20485 ||| INVOKING Berserk.
 20493 | Lair:5   | 20493 ||| SWAPPING to +10 broad axe "Tugocis" {drain, Fly
                  | rC+}.
 20495 | Lair:5   | Reached skill level 15 in Shields
 20529 | Lair:5   | 20529 ||| Stepping ~*~*~tactically~*~*~ (stealth).
 20598 | Lair:5   | 20598 ||| Stepping ~*~*~tactically~*~*~ (stealth).
 20612 | Lair:5   | 20612 ||| Stepping ~*~*~tactically~*~*~ (stealth).
 20613 | Lair:5   | 20613 ||| Stepping ~*~*~tactically~*~*~ (stealth).
 20617 | Lair:5   | 20617 ||| INVOKING Berserk.
 20638 | Lair:5   | 20638 ||| Stepping ~*~*~tactically~*~*~ (stealth).
 20665 | Lair:5   | Reached skill level 16 in Shields
 20665 | Lair:5   | Reached XP level 14. HP: 67/126 MP: 13/13
 20690 | Lair:5   | 20690 ||| INVOKING Berserk.
 20706 | Lair:5   | 20706 ||| Stepping ~*~*~tactically~*~*~ (stealth).
 20708 | Lair:5   | 20708 ||| Stepping ~*~*~tactically~*~*~ (stealth).
 20722 | Lair:5   | 20722 ||| FLEEEEING.
 20723 | Lair:5   | 20723 ||| FLEEEEING.
 20724 | Lair:5   | 20724 ||| FLEEEEING.
 20725 | Lair:5   | 20725 ||| FLEEEEING.
 20726 | Lair:5   | 20726 ||| FLEEEEING.
 20824 | Lair:5   | 20824 ||| FLEEEEING.
 20825 | Lair:5   | 20825 ||| FLEEEEING.
 20831 | Lair:5   | 20831 ||| FLEEEEING.
 20838 | Lair:5   | 20838 ||| FLEEEEING.
 20839 | Lair:5   | 20839 ||| FLEEEEING.
 20840 | Lair:5   | 20840 ||| FLEEEEING.
 20841 | Lair:5   | 20841 ||| STAIRDANCE
 20908 | Lair:5   | 20908 ||| STAIRDANCE
 20932 | Lair:5   | 20932 ||| STAIRDANCE
 20939 | Lair:5   | 20939 ||| STAIRDANCE
 21024 | Lair:5   | Identified the +3 leather armour "Ripti" {Will- Regen+
                  | Int+8 Dex+3}
 21064 | Lair:5   | 21064 ||| Stepping ~*~*~tactically~*~*~ (stealth).
 21074 | Lair:5   | Reached skill level 17 in Shields
 21148 | Lair:5   | 21148 ||| Stepping ~*~*~tactically~*~*~ (stealth).
 21302 | Lair:5   | 21302 ||| Stepping ~*~*~tactically~*~*~ (stealth).
 21335 | Lair:5   | 21335 ||| Stepping ~*~*~tactically~*~*~ (stealth).
 21344 | Lair:5   | 21344 ||| Stepping ~*~*~tactically~*~*~ (stealth).
 21353 | Lair:5   | Reached skill level 12 in Armour
 21518 | Lair:5   | 21518 ||| Stepping ~*~*~tactically~*~*~ (stealth).
 21547 | Lair:5   | Found a staircase to the Slime Pits.
 21623 | Lair:5   | Found a runed translucent door.
 21625 | Lair:5   | 21625 ||| INVOKING Berserk.
 21764 | Lair:5   | 21764 ||| FLEEEEING.
 21765 | Lair:5   | 21765 ||| FLEEEEING.
 21767 | Lair:5   | 21767 ||| Stepping ~*~*~tactically~*~*~ (stealth).
 21769 | Lair:5   | 21769 ||| INVOKING Berserk.
 21796 | Lair:5   | Paralysed by a hornet for 3 turns
 21799 | Lair:5   | 21799 ||| INVOKING Brothers in Arms.
 21799 | Lair:5   | HP: 28/127 [lindwurm (5)]
 21800 | Lair:5   | 21800 ||| READING 4 scrolls of teleportation.
 21800 | Lair:5   | HP: 12/127 [poisoned by a hornet]
 21801 | Lair:5   | 21801 ||| DRINKING 2 potions of heal wounds.
 21803 | Lair:5   | 21803 ||| INVOKING Brothers in Arms.
 21805 | Lair:5   | HP: 30/127 [poisoned by a hornet]
 21806 | Lair:5   | 21806 ||| READING 3 scrolls of teleportation.
 21807 | Lair:5   | 21807 ||| DRINKING potion of heal wounds.
 21819 | Lair:5   | 21819 ||| INVOKING Berserk.
 22125 | Lair:5   | 22125 ||| Stepping ~*~*~tactically~*~*~ (stealth).
 22127 | Lair:5   | 22127 ||| Stepping ~*~*~tactically~*~*~ (hiding).
 22133 | Lair:5   | 22133 ||| INVOKING Berserk.
 22493 | Lair:5   | 22493 ||| Stepping ~*~*~tactically~*~*~ (stealth).
 22494 | Lair:5   | 22494 ||| Stepping ~*~*~tactically~*~*~ (stealth).
 22552 | Lair:5   | 22552 ||| FLEEEEING.
 22554 | Lair:5   | 22554 ||| FLEEEEING.
 22555 | Lair:5   | 22555 ||| FLEEEEING.
 22556 | Lair:5   | 22556 ||| FLEEEEING.
 22557 | Lair:5   | 22557 ||| FLEEEEING.
 22558 | Lair:5   | 22558 ||| FLEEEEING.
 22559 | Lair:5   | 22559 ||| FLEEEEING.
 22560 | Lair:5   | 22560 ||| FLEEEEING.
 22561 | Lair:5   | 22561 ||| FLEEEEING.
 22562 | Lair:5   | 22562 ||| FLEEEEING.
 22563 | Lair:5   | 22563 ||| FLEEEEING.
 22565 | Lair:5   | 22565 ||| FLEEEEING.
 22567 | Lair:5   | 22567 ||| INVOKING Berserk.
 22701 | Lair:5   | 22701 ||| Stepping ~*~*~tactically~*~*~ (hiding).
 22859 | Lair:5   | 22859 ||| FLEEEEING.
 22860 | Lair:5   | 22860 ||| FLEEEEING.
 22861 | Lair:5   | 22861 ||| FLEEEEING.
 22862 | Lair:5   | 22862 ||| FLEEEEING.
 22863 | Lair:5   | 22863 ||| FLEEEEING.
 22864 | Lair:5   | 22864 ||| FLEEEEING.
 22865 | Lair:5   | 22865 ||| FLEEEEING.
 22866 | Lair:5   | 22866 ||| FLEEEEING.
 22867 | Lair:5   | 22867 ||| FLEEEEING.
 22869 | Lair:5   | 22869 ||| INVOKING Berserk.
 22988 | Lair:5   | 22988 ||| Stepping ~*~*~tactically~*~*~ (stealth).
 22991 | Lair:5   | 22991 ||| INVOKING Berserk.
 23141 | Lair:5   | 23141 ||| PLANNING D
 23141 | Lair:5   | 23141 ||| UPGRADING to amulet of guardian spirit.
 23146 | Lair:5   | 23146 ||| DRINKING 2 cyan potions.
 23147 | Lair:5   | 23147 ||| DROPPING potion of magic.
 23253 | D:12     | 23253 ||| STAIRDANCE
 23307 | D:12     | 23307 ||| STAIRDANCE
 23307 | D:12     | Noticed Sonja
 23315 | D:12     | 23315 ||| STAIRDANCE
 23323 | D:12     | 23323 ||| STAIRDANCE
 23334 | D:12     | 23334 ||| STAIRDANCE
 23343 | D:12     | 23343 ||| STAIRDANCE
 23372 | D:12     | 23372 ||| STAIRDANCE
 23374 | D:11     | 23374 ||| INVOKING Brothers in Arms.
 23377 | D:11     | Killed Sonja
 23464 | D:12     | Identified the +8 mace "Onwa Nor" {vorpal, Fly rF+ rN+
                  | Will+}
 23482 | D:12     | 23482 ||| Stepping ~*~*~tactically~*~*~ (stealth).
 23483 | D:12     | 23483 ||| Stepping ~*~*~tactically~*~*~ (stealth).
 23502 | D:12     | 23502 ||| INVOKING Berserk.
 23510 | D:12     | HP: 38/193 [deep elf zephyrmancer/bolt of lightning (23)]
 23510 | D:12     | HP: 16/193 [deep elf zephyrmancer/bolt of lightning (22)]
 23517 | D:12     | 23517 ||| READING 3 scrolls of teleportation.
 23998 | D:12     | 23998 ||| Stepping ~*~*~tactically~*~*~ (hiding).
 24276 | D:12     | Noticed Maurice
 24279 | D:12     | Killed Maurice
 24280 | D:12     | Reached XP level 15. HP: 137/137 MP: 14/14
 24522 | D:12     | 24522 ||| READING scroll labelled MOPPIY UDYNKUS.
 24603 | D:13     | 24603 ||| Stepping ~*~*~tactically~*~*~ (hiding).
 24604 | D:13     | 24604 ||| Stepping ~*~*~tactically~*~*~ (hiding).
 24605 | D:13     | 24605 ||| Stepping ~*~*~tactically~*~*~ (hiding).
 24607 | D:13     | 24607 ||| Stepping ~*~*~tactically~*~*~ (hiding).
 24612 | D:13     | 24612 ||| Stepping ~*~*~tactically~*~*~ (hiding).
 24614 | D:13     | 24614 ||| Stepping ~*~*~tactically~*~*~ (hiding).
 24619 | D:13     | 24619 ||| Stepping ~*~*~tactically~*~*~ (stealth).
 24638 | D:13     | 24638 ||| Stepping ~*~*~tactically~*~*~ (stealth).
 24639 | D:13     | 24639 ||| Stepping ~*~*~tactically~*~*~ (hiding).
 24650 | D:13     | Reached skill level 18 in Shields
 24894 | D:13     | 24894 ||| INVOKING Berserk.
 24910 | D:13     | 24910 ||| INVOKING Brothers in Arms.
 24912 | D:13     | 24912 ||| INVOKING Trog's Hand.
 25030 | D:13     | Found a gate to the Vaults.
 25315 | D:13     | Reached skill level 15 in Fighting
 25496 | D:13     | 25496 ||| Stepping ~*~*~tactically~*~*~ (hiding).
 25698 | D:14     | 25698 ||| PLANNING GAUNTLET
 25698 | D:14     | 25698 ||| STAIRDANCE
 25709 | D:14     | 25709 ||| STAIRDANCE
 25741 | D:14     | 25741 ||| STAIRDANCE
 25754 | D:14     | 25754 ||| STAIRDANCE
 25760 | D:13     | Reached skill level 6 in Dodging
 25810 | D:14     | 25810 ||| STAIRDANCE
 25821 | D:14     | 25821 ||| STAIRDANCE
 26073 | D:14     | 26073 ||| Stepping ~*~*~tactically~*~*~ (hiding).
 26074 | D:14     | 26074 ||| Stepping ~*~*~tactically~*~*~ (stealth).
 26083 | D:14     | 26083 ||| Stepping ~*~*~tactically~*~*~ (stealth).
 26176 | D:14     | Found Eretoima's Weapon Shop.
 26194 | D:14     | 26194 ||| RIP GAUNTLET
 26196 | D:14     | 26196 ||| PLANNING D
 26249 | D:14     | 26249 ||| FLEEEEING.
 26250 | D:14     | 26250 ||| FLEEEEING.
 26251 | D:14     | 26251 ||| FLEEEEING.
 26252 | D:14     | 26252 ||| FLEEEEING.
 26253 | D:14     | 26253 ||| FLEEEEING.
 26254 | D:14     | 26254 ||| FLEEEEING.
 26255 | D:14     | 26255 ||| FLEEEEING.
 26260 | D:14     | 26260 ||| STAIRDANCE
 26353 | D:14     | 26353 ||| INVOKING Berserk.
 26621 | D:15     | Entered Level 15 of the Dungeon
 26651 | D:15     | 26651 ||| READING 3 scrolls of enchant armour.
 26651 | D:15     | 26651 ||| ENCHANTING +1 pair of boots.
 26652 | D:15     | 26652 ||| READING 2 scrolls of enchant armour.
 26652 | D:15     | 26652 ||| ENCHANTING +0 cloak.
 26653 | D:15     | 26653 ||| READING scroll of enchant armour.
 26653 | D:15     | 26653 ||| ENCHANTING +1 cloak.
 26657 | D:15     | 26657 ||| Stepping ~*~*~tactically~*~*~ (hiding).
 26661 | D:15     | 26661 ||| INVOKING Trog's Hand.
 26662 | D:15     | 26662 ||| INVOKING Berserk.
 26673 | D:15     | 26673 ||| INVOKING Brothers in Arms.
 26828 | D:15     | 26828 ||| DROPPING ring of flight.
 26829 | D:15     | 26829 ||| Stepping randomly (cloudy).
 26830 | D:15     | 26830 ||| Stepping ~*~*~tactically~*~*~ (cloud).
 27024 | D:15     | Identified the +8 rapier of Uladwiq {elec, rF++ Dex+2}
 27071 | D:15     | 27071 ||| INVOKING Berserk.
 27078 | D:15     | Found a frozen archway.
 27087 | D:15     | 27087 ||| Stepping ~*~*~tactically~*~*~ (stealth).
 27090 | D:15     | 27090 ||| INVOKING Brothers in Arms.
 27484 | D:15     | 27484 ||| INVOKING Brothers in Arms.
 27485 | D:15     | 27485 ||| SWAPPING to -2 demon whip of venom.
 27486 | D:15     | 27486 ||| INVOKING Berserk.
 27494 | D:15     | 27494 ||| SWAPPING to +10 broad axe "Tugocis" {drain, Fly
                  | rC+}.
 27637 | D:15     | Found a staircase to the Depths.
 27782 | D:15     | 27782 ||| PLANNING ORC
 27903 | Orc:1    | Entered Level 1 of the Orcish Mines
 27966 | Orc:1    | Noticed an orc warlord
 27971 | Orc:1    | 27971 ||| INVOKING Berserk.
 27986 | Orc:1    | Killed an orc warlord
 28130 | Orc:2    | Entered Level 2 of the Orcish Mines
 28135 | Orc:2    | 28135 ||| Stepping ~*~*~tactically~*~*~ (stealth).
 28167 | Orc:2    | Found Hasu Anly's CLEARANCE SALE!.
 28297 | Orc:2    | Found a staircase to the Elven Halls.
 28450 | Orc:2    | 28450 ||| DRINKING 6 potions of curing.
 28450 | Orc:2    | 28450 ||| (to cure confusion)
 28494 | Orc:2    | 28494 ||| Stepping ~*~*~tactically~*~*~ (stealth).
 28502 | Orc:2    | 28502 ||| Stepping ~*~*~tactically~*~*~ (hiding).
 28513 | Orc:2    | Found Givif's Jewellery Shop.
 28522 | Orc:2    | 28522 ||| BUYING +4 ring of evasion (468 gold).
 28522 | Orc:2    | Bought a +4 ring of evasion for 468 gold pieces
 28522 | Orc:2    | 28522 ||| BUYING ring of fire (325 gold).
 28522 | Orc:2    | Bought a ring of fire for 325 gold pieces
 28522 | Orc:2    | 28522 ||| BUYING ring of willpower (325 gold).
 28522 | Orc:2    | Bought a ring of willpower for 325 gold pieces
 28825 | Orc:2    | 28825 ||| Stepping ~*~*~tactically~*~*~ (hiding).
 28841 | Orc:2    | Found Wusain's Book Shoppe.
 28994 | Orc:2    | Found Maufu's Antique Weapon Shoppe.
 28995 | Orc:2    | 28995 ||| INVOKING Berserk.
 28995 | Orc:2    | Noticed an orc warlord
 28997 | Orc:2    | Received a gift from Trog
 29003 | Orc:2    | Reached skill level 15 in Armour
 29008 | Orc:2    | Reached XP level 16. HP: 151/151 MP: 13/15
 29015 | Orc:2    | Reached skill level 19 in Shields
 29016 | Orc:2    | Found Hava Xinagi's Antique Armour Emporium.
 29091 | Orc:2    | 29091 ||| DROPPING -2 demon whip of venom.
 29100 | Orc:2    | 29100 ||| BUYING glowing cloak (195 gold).
 29100 | Orc:2    | Bought a glowing cloak for 195 gold pieces
 29100 | Orc:2    | 29100 ||| BUYING pair of spiked boots (247 gold).
 29100 | Orc:2    | Bought a pair of spiked boots for 247 gold pieces
 29100 | Orc:2    | Identified the +2 pair of boots "Ufud" {rC+ Str-3 Int+5
                  | Stlth+} (You bought it in a shop on level 2 of the Orcish
                  | Mines)
 29100 | Orc:2    | 29100 ||| BUYING shiny plate armour (676 gold).
 29100 | Orc:2    | Bought a shiny plate armour for 676 gold pieces
 29132 | Orc:2    | 29132 ||| DROPPING +2 cloak.
 29133 | Orc:2    | 29133 ||| UPGRADING to +2 plate armour of fire resistance.
 29143 | Orc:2    | 29143 ||| DROPPING +0 plate armour.
 29144 | Orc:2    | 29144 ||| DROPPING ring of ice.
 29145 | Orc:2    | 29145 ||| DROPPING ring of see invisible.
 29146 | Orc:2    | 29146 ||| UPGRADING to +4 ring of evasion.
 29148 | Orc:2    | 29148 ||| UPGRADING to +2 pair of boots "Ufud" {rC+ Str-3
                  | Int+5 Stlth+}.
 29158 | Orc:2    | 29158 ||| DROPPING +6 ring of intelligence.
 29195 | Orc:1    | 29195 ||| INVOKING Berserk.
 29321 | Orc:1    | Found Edobuh's Assorted Antiques.
 29342 | Orc:1    | 29342 ||| Stepping ~*~*~tactically~*~*~ (stealth).
 29343 | Orc:1    | 29343 ||| Stepping ~*~*~tactically~*~*~ (stealth).
 29344 | Orc:1    | 29344 ||| Stepping ~*~*~tactically~*~*~ (stealth).
 29345 | Orc:1    | 29345 ||| Stepping ~*~*~tactically~*~*~ (stealth).
 29346 | Orc:1    | 29346 ||| Stepping ~*~*~tactically~*~*~ (hiding).
 29347 | Orc:1    | 29347 ||| Stepping ~*~*~tactically~*~*~ (hiding).
 29509 | Orc:1    | 29509 ||| Stepping ~*~*~tactically~*~*~ (hiding).
 29657 | Orc:1    | 29657 ||| Stepping ~*~*~tactically~*~*~ (stealth).
 29708 | Orc:1    | 29708 ||| PLANNING SNAKE:1-3
 29884 | Snake:1  | Entered Level 1 of the Snake Pit
 29907 | Snake:1  | 29907 ||| Stepping ~*~*~tactically~*~*~ (hiding).
 29911 | Snake:1  | 29911 ||| INVOKING Berserk.
 30112 | Snake:1  | 30112 ||| Stepping ~*~*~tactically~*~*~ (hiding).
 30113 | Snake:1  | 30113 ||| Stepping ~*~*~tactically~*~*~ (hiding).
 30123 | Snake:1  | 30123 ||| Stepping ~*~*~tactically~*~*~ (hiding).
 30376 | Snake:1  | Found Peache Kilewn's Antique Weapon Boutique.
 30445 | Snake:1  | 30445 ||| Stepping ~*~*~tactically~*~*~ (hiding).
 30447 | Snake:1  | 30447 ||| Stepping ~*~*~tactically~*~*~ (hiding).
 30448 | Snake:1  | 30448 ||| Stepping ~*~*~tactically~*~*~ (hiding).
 30596 | Snake:1  | 30596 ||| Stepping ~*~*~tactically~*~*~ (hiding).
 30598 | Snake:1  | 30598 ||| Stepping ~*~*~tactically~*~*~ (hiding).
 30605 | Snake:1  | 30605 ||| INVOKING Berserk.
 30610 | Snake:1  | Received a gift from Trog
 30616 | Snake:1  | 30616 ||| INVOKING Brothers in Arms.
 30763 | Snake:1  | 30763 ||| Stepping ~*~*~tactically~*~*~ (hiding).
 30764 | Snake:1  | 30764 ||| Stepping ~*~*~tactically~*~*~ (hiding).
 30765 | Snake:1  | 30765 ||| Stepping ~*~*~tactically~*~*~ (hiding).
 30771 | Snake:1  | 30771 ||| Stepping ~*~*~tactically~*~*~ (hiding).
 30890 | Snake:1  | Found Xaniw's Book Shoppe.
 30890 | Snake:1  | Found Hunnebus's Jewellery Boutique.
 30891 | Snake:1  | Found Felesoot's Book Shoppe.
 30899 | Snake:1  | 30899 ||| SHOPLISTING +4 ring of evasion (576 gold, have
                  | 290).
 30899 | Snake:1  | 30899 ||| SHOPLISTING +6 ring of strength (576 gold, have
                  | 290).
 30899 | Snake:1  | 30899 ||| SHOPLISTING amulet of regeneration (480 gold,
                  | have 290).
 30899 | Snake:1  | 30899 ||| SHOPLISTING ring "Liwo" {Drain rC++ rN+ Will-
                  | Dex+10} (891 gold, have 290).
 30899 | Snake:1  | 30899 ||| SHOPLISTING ring of positive energy (320 gold,
                  | have 290).
 30899 | Snake:1  | 30899 ||| SHOPLISTING ring of protection from cold (400
                  | gold, have 290).
 30899 | Snake:1  | 30899 ||| SHOPLISTING ring of protection from fire (400
                  | gold, have 290).
 30973 | Snake:1  | 30973 ||| Stepping ~*~*~tactically~*~*~ (hiding).
 31003 | Snake:1  | Reached skill level 6 in Throwing
 31033 | Snake:1  | 31033 ||| Stepping ~*~*~tactically~*~*~ (hiding).
 31421 | Snake:2  | 31421 ||| Stepping ~*~*~tactically~*~*~ (stealth).
 31427 | Snake:2  | 31427 ||| Stepping ~*~*~tactically~*~*~ (stealth).
 31430 | Snake:2  | 31430 ||| INVOKING Berserk.
 31623 | Snake:2  | 31623 ||| FLEEEEING.
 31624 | Snake:2  | 31624 ||| FLEEEEING.
 31628 | Snake:2  | 31628 ||| INVOKING Berserk.
 31655 | Snake:2  | 31655 ||| FLEEEEING.
 31656 | Snake:2  | 31656 ||| FLEEEEING.
 31670 | Snake:2  | 31670 ||| FLEEEEING.
 31680 | Snake:2  | 31680 ||| STAIRDANCE
 32064 | Snake:2  | 32064 ||| Stepping ~*~*~tactically~*~*~ (stealth).
 32065 | Snake:2  | 32065 ||| Stepping ~*~*~tactically~*~*~ (stealth).
 32067 | Snake:2  | 32067 ||| Stepping ~*~*~tactically~*~*~ (hiding).
 32139 | Snake:2  | 32139 ||| Stepping ~*~*~tactically~*~*~ (hiding).
 32247 | Snake:2  | 32247 ||| Stepping ~*~*~tactically~*~*~ (hiding).
 32345 | Snake:2  | 32345 ||| INVOKING Berserk.
 32354 | Snake:2  | 32354 ||| FLEEEEING.
 32355 | Snake:2  | 32355 ||| FLEEEEING.
 32356 | Snake:2  | 32356 ||| FLEEEEING.
 32462 | Snake:2  | 32462 ||| Stepping ~*~*~tactically~*~*~ (hiding).
 32463 | Snake:2  | 32463 ||| Stepping ~*~*~tactically~*~*~ (hiding).
 32471 | Snake:2  | 32471 ||| Stepping ~*~*~tactically~*~*~ (hiding).
 32475 | Snake:2  | 32475 ||| INVOKING Berserk.
 32486 | Snake:2  | 32486 ||| Stepping ~*~*~tactically~*~*~ (hiding).
 32488 | Snake:2  | 32488 ||| INVOKING Brothers in Arms.
 32507 | Snake:2  | 32507 ||| INVOKING Brothers in Arms.
 32513 | Snake:2  | HP: 29/155 [black mamba (10)]
 32514 | Snake:2  | 32514 ||| READING 5 scrolls of teleportation.
 32515 | Snake:2  | 32515 ||| DRINKING 6 potions of heal wounds.
 32525 | Snake:2  | 32525 ||| FLEEEEING.
 32526 | Snake:2  | 32526 ||| FLEEEEING.
 32530 | Snake:2  | HP: 36/155 [naga ritualist/Olgreb's Toxic Radiance (3)]
 32531 | Snake:2  | 32531 ||| READING 4 scrolls of teleportation.
 32532 | Snake:2  | 32532 ||| DRINKING 5 potions of heal wounds.
 32533 | Snake:2  | 32533 ||| INVOKING Berserk.
 32542 | Snake:2  | HP: 38/155 [poisoned by a naga ritualist (toxic radiance)]
 32984 | Snake:2  | 32984 ||| Stepping ~*~*~tactically~*~*~ (stealth).
 32986 | Snake:2  | 32986 ||| Stepping ~*~*~tactically~*~*~ (stealth).
 33171 | Snake:3  | 33171 ||| STAIRDANCE
 33269 | Snake:3  | 33269 ||| STAIRDANCE
 33270 | Snake:3  | 33270 ||| INVOKING Berserk.
 33285 | Snake:3  | 33285 ||| STAIRDANCE
 33459 | Snake:3  | 33459 ||| INVOKING Berserk.
 33469 | Snake:3  | Reached skill level 18 in Fighting
 33492 | Snake:3  | 33492 ||| Stepping ~*~*~tactically~*~*~ (stealth).
 33497 | Snake:3  | 33497 ||| INVOKING Brothers in Arms.
 33787 | Snake:3  | 33787 ||| Stepping ~*~*~tactically~*~*~ (hiding).
 34040 | Snake:3  | 34040 ||| Stepping ~*~*~tactically~*~*~ (hiding).
 34055 | Snake:3  | Reached XP level 17. HP: 145/163 MP: 13/16
 34057 | Snake:3  | 34057 ||| INVOKING Berserk.
 34119 | Snake:3  | 34119 ||| Stepping ~*~*~tactically~*~*~ (hiding).
 34121 | Snake:3  | 34121 ||| Stepping ~*~*~tactically~*~*~ (hiding).
 34122 | Snake:3  | 34122 ||| Stepping ~*~*~tactically~*~*~ (hiding).
 34138 | Snake:3  | 34138 ||| Stepping ~*~*~tactically~*~*~ (hiding).
 34149 | Snake:3  | 34149 ||| Stepping ~*~*~tactically~*~*~ (hiding).
 34159 | Snake:3  | 34159 ||| Stepping ~*~*~tactically~*~*~ (hiding).
 34171 | Snake:3  | 34171 ||| Stepping ~*~*~tactically~*~*~ (stealth).
 34351 | Snake:3  | Found a runed translucent gate.
 34351 | Snake:3  | Found a runed translucent gate.
 34352 | Snake:3  | Found a runed translucent gate.
 34359 | Snake:3  | Noticed qw's ghost (adept MiBe)
 34401 | Snake:3  | Noticed Vashnia
 34411 | Snake:3  | 34411 ||| INVOKING Berserk.
 34421 | Snake:3  | Killed Vashnia
 34425 | Snake:3  | 34425 ||| INVOKING Brothers in Arms.
 34425 | Snake:3  | HP: 38/163 [poisoned by a naga sharpshooter (splash of
                  | poison)]
 34426 | Snake:3  | 34426 ||| READING 3 scrolls of teleportation.
 34426 | Snake:3  | HP: 9/163 [naga sharpshooter/arrow[Vashnia] (14)]
 34427 | Snake:3  | 34427 ||| DRINKING 4 potions of heal wounds.
 34427 | Snake:3  | HP: 2/163 [naga sharpshooter/bolt[Vashnia] (6)]
 34428 | Snake:3  | 34428 ||| DRINKING 3 potions of heal wounds.
 34429 | Snake:3  | 34429 ||| FLEEEEING.
 34430 | Snake:3  | 34430 ||| FLEEEEING.
 34432 | Snake:3  | HP: 12/163 [poisoned by a naga sharpshooter (splash of
                  | poison)]
 34436 | Snake:3  | 34436 ||| FLEEEEING.
 34440 | Snake:3  | 34440 ||| STAIRDANCE
 34845 | Snake:3  | 34845 ||| Stepping ~*~*~tactically~*~*~ (hiding).
 34847 | Snake:3  | 34847 ||| Stepping ~*~*~tactically~*~*~ (hiding).
 34849 | Snake:3  | 34849 ||| INVOKING Berserk.
 34864 | Snake:3  | 34864 ||| INVOKING Brothers in Arms.
 35117 | Snake:3  | 35117 ||| INVOKING Berserk.
 35344 | Snake:3  | Noticed Mlioglotl
 35345 | Snake:3  | 35345 ||| INVOKING Brothers in Arms.
 35346 | Snake:3  | 35346 ||| INVOKING Brothers in Arms.
 35348 | Snake:3  | 35348 ||| INVOKING Berserk.
 35354 | Snake:3  | Killed Mlioglotl
 35797 | Snake:3  | 35797 ||| PLANNING SWAMP:1-3
 35797 | Snake:3  | 35797 ||| DROPPING scarf of shadows.
 35925 | Swamp:1  | Entered Level 1 of the Swamp
 35929 | Swamp:1  | Found a runed translucent gate.
 35936 | Swamp:1  | 35936 ||| SWAPPING to +5 hand axe of flaming.
 35938 | Swamp:1  | 35938 ||| INVOKING Berserk.
 35957 | Swamp:1  | 35957 ||| INVOKING Brothers in Arms.
 35958 | Swamp:1  | 35958 ||| SWAPPING to +10 broad axe "Tugocis" {drain, Fly
                  | rC+}.
 35962 | Swamp:1  | Reached skill level 20 in Shields
 35983 | Swamp:1  | 35983 ||| Stepping ~*~*~tactically~*~*~ (stealth).
 36104 | Swamp:1  | Found a runed translucent gate.
 36150 | Swamp:1  | 36150 ||| INVOKING Berserk.
 36350 | Swamp:1  | 36350 ||| READING scroll of enchant armour.
 36350 | Swamp:1  | 36350 ||| ENCHANTING +2 plate armour of fire resistance.
 36369 | Swamp:1  | Found a runed translucent gate.
 36370 | Swamp:1  | Noticed Qemahefa's ghost (adept GrFi)
 36570 | Swamp:2  | 36570 ||| Stepping ~*~*~tactically~*~*~ (hiding).
 36571 | Swamp:2  | 36571 ||| INVOKING Trog's Hand.
 36572 | Swamp:2  | 36572 ||| INVOKING Berserk.
 36574 | Swamp:2  | Paralysed by a fenstrider witch for 3 turns
 36637 | Swamp:2  | 36637 ||| FLEEEEING.
 36639 | Swamp:2  | 36639 ||| SWAPPING to +5 hand axe of flaming.
 36643 | Swamp:2  | 36643 ||| INVOKING Berserk.
 36647 | Swamp:2  | Reached skill level 9 in Throwing
 36660 | Swamp:2  | 36660 ||| Stepping ~*~*~tactically~*~*~ (stealth).
 36661 | Swamp:2  | 36661 ||| SWAPPING to +10 broad axe "Tugocis" {drain, Fly
                  | rC+}.
 36732 | Swamp:2  | 36732 ||| FLEEEEING.
 36753 | Swamp:2  | 36753 ||| FLEEEEING.
 36754 | Swamp:2  | 36754 ||| FLEEEEING.
 36755 | Swamp:2  | 36755 ||| FLEEEEING.
 36761 | Swamp:2  | 36761 ||| STAIRDANCE
 36823 | Swamp:2  | 36823 ||| Stepping ~*~*~tactically~*~*~ (stealth).
 36833 | Swamp:2  | 36833 ||| Stepping ~*~*~tactically~*~*~ (stealth).
 36836 | Swamp:2  | 36836 ||| SWAPPING to +5 hand axe of flaming.
 36842 | Swamp:2  | 36842 ||| SWAPPING to +10 broad axe "Tugocis" {drain, Fly
                  | rC+}.
 36867 | Swamp:2  | 36867 ||| Stepping ~*~*~tactically~*~*~ (hiding).
 36917 | Swamp:2  | 36917 ||| INVOKING Berserk.
 37060 | Swamp:2  | 37060 ||| Stepping ~*~*~tactically~*~*~ (hiding).
 37062 | Swamp:2  | 37062 ||| INVOKING Berserk.
 37204 | Swamp:2  | 37204 ||| Stepping randomly (cloudy).
 37210 | Swamp:2  | 37210 ||| Stepping ~*~*~tactically~*~*~ (cloud).
 37281 | Swamp:2  | 37281 ||| Stepping ~*~*~tactically~*~*~ (hiding).
 37400 | Swamp:2  | 37400 ||| DRINKING potion of resistance.
 37563 | Swamp:3  | 37563 ||| Stepping ~*~*~tactically~*~*~ (stealth).
 37648 | Swamp:3  | 37648 ||| FLEEEEING.
 37649 | Swamp:3  | 37649 ||| FLEEEEING.
 37650 | Swamp:3  | 37650 ||| FLEEEEING.
 37651 | Swamp:3  | 37651 ||| STAIRDANCE
 37733 | Swamp:3  | 37733 ||| SWAPPING to +5 hand axe of flaming.
 37742 | Swamp:3  | 37742 ||| SWAPPING to +10 broad axe "Tugocis" {drain, Fly
                  | rC+}.
 37848 | Swamp:3  | 37848 ||| INVOKING Trog's Hand.
 37850 | Swamp:3  | 37850 ||| INVOKING Berserk.
 37971 | Swamp:3  | 37971 ||| Stepping ~*~*~tactically~*~*~ (stealth).
 37973 | Swamp:3  | 37973 ||| Stepping randomly (cloudy).
 37974 | Swamp:3  | 37974 ||| Stepping ~*~*~tactically~*~*~ (cloud).
 37978 | Swamp:3  | 37978 ||| Stepping ~*~*~tactically~*~*~ (cloud).
 37981 | Swamp:3  | 37981 ||| Stepping ~*~*~tactically~*~*~ (cloud).
 37982 | Swamp:3  | 37982 ||| Stepping ~*~*~tactically~*~*~ (cloud).
 37983 | Swamp:3  | 37983 ||| INVOKING Berserk.
 38006 | Swamp:3  | 38006 ||| Stepping ~*~*~tactically~*~*~ (stealth).
 38007 | Swamp:3  | 38007 ||| Stepping ~*~*~tactically~*~*~ (stealth).
 38301 | Swamp:3  | 38301 ||| Stepping ~*~*~tactically~*~*~ (stealth).
 38302 | Swamp:3  | 38302 ||| Stepping ~*~*~tactically~*~*~ (stealth).
 38337 | Swamp:3  | 38337 ||| Stepping ~*~*~tactically~*~*~ (hiding).
 38339 | Swamp:3  | 38339 ||| Stepping ~*~*~tactically~*~*~ (hiding).
 38495 | Swamp:3  | 38495 ||| Stepping ~*~*~tactically~*~*~ (hiding).
 38496 | Swamp:3  | 38496 ||| Stepping ~*~*~tactically~*~*~ (hiding).
 38538 | Swamp:3  | 38538 ||| Stepping ~*~*~tactically~*~*~ (stealth).
 38617 | Swamp:3  | 38617 ||| READING 20 scrolls of identify.
 38617 | Swamp:3  | 38617 ||| IDENTIFYING murky blue potion
 38618 | Swamp:3  | 38618 ||| Stepping randomly (cloudy).
 38622 | Swamp:3  | 38622 ||| Stepping ~*~*~tactically~*~*~ (cloud).
 38625 | Swamp:3  | 38625 ||| Stepping ~*~*~tactically~*~*~ (cloud).
 38659 | Swamp:3  | 38659 ||| Stepping ~*~*~tactically~*~*~ (stealth).
 38660 | Swamp:3  | 38660 ||| Stepping ~*~*~tactically~*~*~ (stealth).
 38661 | Swamp:3  | 38661 ||| Stepping ~*~*~tactically~*~*~ (stealth).
 39218 | Swamp:3  | 39218 ||| PLANNING SNAKE:4
 39345 | Snake:4  | Entered Level 4 of the Snake Pit
 39355 | Snake:4  | 39355 ||| Stepping ~*~*~tactically~*~*~ (hiding).
 39356 | Snake:4  | 39356 ||| Stepping ~*~*~tactically~*~*~ (hiding).
 39364 | Snake:4  | 39364 ||| Stepping ~*~*~tactically~*~*~ (hiding).
 39366 | Snake:4  | 39366 ||| INVOKING Berserk.
 39499 | Snake:4  | 39499 ||| Stepping ~*~*~tactically~*~*~ (stealth).
 39502 | Snake:4  | 39502 ||| Stepping ~*~*~tactically~*~*~ (hiding).
 39505 | Snake:4  | 39505 ||| Stepping ~*~*~tactically~*~*~ (stealth).
 39506 | Snake:4  | 39506 ||| INVOKING Berserk.
 39543 | Snake:4  | 39543 ||| FLEEEEING.
 39544 | Snake:4  | 39544 ||| FLEEEEING.
 39545 | Snake:4  | 39545 ||| FLEEEEING.
 39546 | Snake:4  | 39546 ||| FLEEEEING.
 39547 | Snake:4  | 39547 ||| FLEEEEING.
 39548 | Snake:4  | 39548 ||| FLEEEEING.
 39554 | Snake:4  | 39554 ||| STAIRDANCE
 39738 | Snake:4  | Reached skill level 18 in Armour
 39779 | Snake:4  | 39779 ||| Stepping ~*~*~tactically~*~*~ (stealth).
 39781 | Snake:4  | 39781 ||| Stepping ~*~*~tactically~*~*~ (stealth).
 39783 | Snake:4  | 39783 ||| Stepping ~*~*~tactically~*~*~ (stealth).
 39784 | Snake:4  | 39784 ||| INVOKING Berserk.
 40122 | Snake:4  | 40122 ||| Stepping ~*~*~tactically~*~*~ (hiding).
 40134 | Snake:4  | 40134 ||| INVOKING Berserk.
 40138 | Snake:4  | HP: 61/252 [naga sharpshooter/arrow (3)]
 40145 | Snake:4  | HP: 35/252 [naga sharpshooter/arrow (2)]
 40148 | Snake:4  | HP: 15/252 [salamander/+0 trident (4)]
 40153 | Snake:4  | HP: 10/252 [constriction (1)]
 40637 | Snake:4  | 40637 ||| Stepping ~*~*~tactically~*~*~ (stealth).
 40648 | Snake:4  | 40648 ||| Stepping ~*~*~tactically~*~*~ (hiding).
 40650 | Snake:4  | 40650 ||| Stepping ~*~*~tactically~*~*~ (hiding).
 40655 | Snake:4  | 40655 ||| INVOKING Berserk.
 40933 | Snake:4  | 40933 ||| INVOKING Berserk.
 40941 | Snake:4  | Reached XP level 18. HP: 176/176 MP: 13/17
 40945 | Snake:4  | HP: 66/264 [nagaraja/splash of poison (7)]
 40947 | Snake:4  | HP: 32/265 [poisoned by a nagaraja (bolt of poison)]
 40947 | Snake:4  | HP: 10/265 [naga warrior/+0 dire flail (6)]
 40948 | Snake:4  | HP: 4/265 [poisoned by a nagaraja (bolt of poison)]
 40948 | Snake:4  | Slain by an anaconda

Levels and vault maps discovered:
D:1:      minmay_arrival_solitary_statue, layout_basic, minmay_cupped
D:2:      layout_loops_corners, dreamdust_ecumenical_altar_hidden_monk_grotto,
          serial_shops, shop, st_stairs_4
D:3:      layout_loops_ring, nicolae_qazlal_style_of_elements, serial_rivers,
          chequers_serial_rivers_room_a, chequers_serial_rivers_micro_d,
          chequers_serial_rivers_large_a, chequers_serial_rivers_micro_e,
          chequers_serial_rivers_marsh, chequers_serial_rivers_room_b,
          minmay_goblin_outpost, uniq_sigmund
D:4:      layout_basic, nicolae_ru_great_annihilating_truth
D:5:      layout_loops_cross, tso_oasis_becter, serial_demonic,
          serial_demonic_c, serial_demonic_a, serial_demonic_d,
          serial_demonic_b, uniq_blork_the_orc
D:6:      layout_rooms, minmay_temple_entry_grid, uniq_menkaure
D:7:      layout_rooms, nicolae_gozag_seed_capital,
          nicolae_uskayaw_murder_on_the_dancefloor, cheibriados_altar_1,
          uniq_joseph
D:8:      layout_rooms, tgw_sif, evilmike_ruin_ashenzari, enter_bailey_3,
          amcnicky_mini_rare_corridor_liquid
D:9:      layout_cave_pools, nemelex_xobeh_ov_fountains_minmay,
          mainiacjoe_overflow_surrounded_room,
          mainiacjoe_overflow_concentric_impassable, orc_david_3,
          ebering_ghost_reflecting_pool, patterned_corridor
D:10:     layout_loops_ring, xom_redecorated, fedhas_altar_3, kennysheep_mini,
          gammafunk_ghost_wrathful_warriors, minmay_misc_feat_rows, uniq_fannar,
          uniq_amaemon, uniq_maggie
D:11:     layout_roguey, dpeg_oklobed_lair, kiku_gazebo_garden_becter
D:12:     layout_loops_ring, elves_outpost_lemuel, uniq_maurice, uniq_sonja
D:13:     layout_basic, david_vaults_2
D:14:     layout_rooms, gauntlet_entry_generic, serial_shops,
          kennysheep_mini_moat, kennysheep_inner_square
D:15:     hangedman_depths_entry_civil_slaughter, layout_long_grid,
          portal_ice_cave_entry_ugly_swarm
Lair:1:   layout_regular_city, nicolae_volcano_entry_s_turn
Lair:2:   layout_gridlike, minivault_27, serial_bayou_shore_a,
          lemuel_fruit_fields, grunt_megastairs_4
Lair:3:   layout_roguey, minmay_swamp_entry_reptiles,
          minmay_snake_entry_six_corridors, grunt_megastairs_3,
          lemuel_fruit_tree
Lair:4:   beast_lair_carwin_large_3, layout_small_grid, lemuel_fruit_fields,
          infiniplex_staircase_pool
Lair:5:   hangedman_lair_tendril_chambers, layout_misc_corridors, wormcave,
          minmay_slime_entry_pillars
Swamp:1:  layout_basic_swamp, gammafunk_ghost_hydra_chop,
          nicolae_swamp_tree_designs
Swamp:2:  layout_falls_marsh, evilmike_swamp_ruin_house_3, swamp_pool1,
          roderic_carrion_pond
Swamp:3:  nicolae_swamp_husk_halls, layout_basic_swamp,
          evilmike_swamp_ruin_house_6, swamp_pool5
Snake:1:  layout_basic, serial_shops, nicolae_shop_window_shopping,
          minmay_shop_grove, nicolae_triple_integral
Snake:2:  layout_gridlike, serial_shops, bzr_firewalk, nicolae_snake_shapes
Snake:3:  layout_basic, gammafunk_ghost_necromancy,
          nrook_guardian_serpent_double, uniq_vashnia, uniq_mlioglotl
Snake:4:  grunt_snake_rune_serpentine_throne, layout_chambers, st_stairs_8,
          nicolae_snake_salamander_jacuzzi
Orc:1:    layout_caves, basic_altar, serial_shops, nicolae_shop_waterfront,
          mines5_lemuel
Orc:2:    grunt_orc_community_town_hall, layout_caves,
          grunt_orc_community_big_house_1, grunt_orc_community_big_house_1,
          grunt_orc_community_house_3, grunt_orc_community_house_2,
          grunt_orc_community_house_3, grunt_orc_community_house_2,
          nicolae_shop_clearance

Skill      XL: |  1  2  3  4  5  6  7  8  9 10 11 12 13 14 15 16 17 |
---------------+----------------------------------------------------+-----
Axes           | 4 5 7 9 10 12 14 16 18 | 18.0
Throwing       | 1 2 3 4 6 9 |  9.0
Fighting       | 4 6 7 8 9 11 12 13 16 18 19 | 19.6
Armour         | 3 5 8 9 10 11 13 15 16 18 | 18.0
Dodging        | 3 4 5 6 7 8 |  8.0
Shields        | 10 12 16 17 18 19 20 | 20.3

Action                   |  1- 3 |  4- 6 |  7- 9 | 10-12 | 13-15 | 16-18 || total
-------------------------+-------+-------+-------+-------+-------+-------++-------
Melee: Hand axe          |    91 |    85 |    63 |       |       |    35 ||   274
       Headbutt          |    22 |     9 |    36 |    62 |   162 |   158 ||   449
       Punch             |     1 |       |     1 |     1 |       |       ||     3
       War axe           |       |       |   132 |   200 |       |       ||   332
       Broad axe         |       |       |       |   127 |   764 |   728 ||  1619
       Demon whip        |       |       |       |    16 |    11 |       ||    27
Throw: Javelin           |       |    22 |    36 |    71 |    22 |    14 ||   165
       Boomerang         |       |     1 |     9 |    17 |   141 |    40 ||   208
Invok: Berserk           |     2 |     3 |     8 |    24 |    25 |    29 ||    91
       Brothers in Arms  |       |       |       |     4 |    10 |     8 ||    22
       Trog's Hand       |       |       |       |       |     2 |     2 ||     4
  Use: Scroll            |     9 |     3 |     6 |    11 |     7 |     5 ||    41
       Potion            |       |     5 |     2 |     4 |     4 |     5 ||    20
Armor: Scale mail        |    18 |    49 |    17 |       |       |       ||    84
       Animal skin       |     1 |       |       |       |       |       ||     1
       Chain mail        |       |       |    49 |    10 |       |       ||    59
       Plate armour      |       |       |       |   165 |   297 |   238 ||   700
Dodge: Dodged            |    34 |    56 |    86 |    88 |   116 |   193 ||   573
Block: Kite shield       |       |       |       |   121 |    45 |       ||   166
       Tower shield      |       |       |       |       |   522 |   672 ||  1194

Table legend:
 A = Non-vault XP
 B = Vault XP
 C = Vault XP percentage of total XP
 D = Non-vault monster count
 E = Vault monster count
 F = Vault count percentage of total count
                 A         B        C        D         E       F
            +---------+---------+-------+---------+---------+-------
      Total |  207269 |   90370 |  30.4 |     760 |     291 |  27.7
            +---------+---------+-------+---------+---------+-------
        D:1 |      30 |       4 |  11.8 |      19 |       3 |  13.6
        D:2 |      46 |       4 |   8.0 |      19 |       3 |  13.6
        D:3 |      45 |     246 |  84.5 |      14 |       5 |  26.3
        D:4 |     423 |      51 |  10.8 |      24 |       4 |  14.3
        D:5 |     845 |     163 |  16.2 |      16 |       7 |  30.4
        D:6 |     821 |     172 |  17.3 |      17 |       1 |   5.6
        D:7 |    1358 |     466 |  25.5 |      28 |       1 |   3.4
        D:8 |    2166 |       8 |   0.4 |      36 |       4 |  10.0
        D:9 |    1826 |     146 |   7.4 |      29 |       4 |  12.1
       D:10 |    1735 |    2482 |  58.9 |      18 |       4 |  18.2
       D:11 |    4992 |    1997 |  28.6 |      21 |       3 |  12.5
       D:12 |    3790 |    5269 |  58.2 |      15 |       9 |  37.5
       D:13 |   12008 |    2512 |  17.3 |      26 |       3 |  10.3
       D:14 |   10408 |    1125 |   9.8 |      21 |       2 |   8.7
       D:15 |    7876 |    8258 |  51.2 |      13 |      14 |  51.9
     Lair:1 |    2991 |       0 |   0.0 |      10 |       0 |   0.0
     Lair:2 |    2777 |    2346 |  45.8 |      10 |       9 |  47.4
     Lair:3 |   10110 |    4340 |  30.0 |      35 |      18 |  34.0
     Lair:4 |    8036 |    2683 |  25.0 |      32 |      10 |  23.8
     Lair:5 |   24692 |   16998 |  40.8 |      76 |      57 |  42.9
    Swamp:1 |   10372 |       0 |   0.0 |      24 |       0 |   0.0
    Swamp:2 |   10260 |     438 |   4.1 |      14 |       2 |  12.5
    Swamp:3 |   14030 |    1572 |  10.1 |      23 |       7 |  23.3
    Snake:1 |   12959 |       0 |   0.0 |      28 |       0 |   0.0
    Snake:2 |   22673 |    4218 |  15.7 |      49 |       8 |  14.0
    Snake:3 |   24462 |    9349 |  27.7 |      45 |       9 |  16.7
    Snake:4 |    9162 |   18519 |  66.9 |      18 |      28 |  60.9
      Orc:1 |    4819 |    1275 |  20.9 |      52 |      10 |  16.1
      Orc:2 |    1557 |    5729 |  78.6 |      28 |      66 |  70.2
            +---------+---------+-------+---------+---------+-------
